 Dungeon Crawl Stone Soup version 0.30-b1-2-g02819fbbbe (webtiles) character file.

Game seed: 7227254756362363493

11 lp1845 the Slasher (level 2, -2/1 (23) HPs)
             Began as a Barachi Reaver on Dec 19, 2023.
             Frozen to death by an endoplasm (3 damage)
             ... on level 1 of the Dungeon.
             The game lasted 00:05:24 (251 turns).

lp1845 the Slasher (Barachi Reaver)                  Turns: 251, Time: 00:05:24

HP:   -2/1 (23)     AC:  3    Str: 13    XL:     2   Next: 29%
MP:   5/5           EV: 11    Int: 13    God:
Gold: 7             SH:  0    Dex: 10    Spells: 4/5 levels left

rFire   . . .        a - +0 falchion
rCold   . . .        (no shield)
rNeg    . . .        b - +0 leather armour
rPois   .            (no helmet)
rElec   .            (no cloak)
rCorr   .            (no gloves)
SInv    .            (no boots)
Will    .....        (no amulet)
Stlth   +            (no ring)
HPRegen 0.20/turn    (no ring)
MPRegen 0.09/turn

%: no passive effects
@: unable to hop, extremely drained, slow
A: amphibious, slowness 1, strong legs 1, +LOS
a: Hop


You were on level 1 of the Dungeon.
You visited 1 branch of the dungeon, and saw 1 of its levels.

You collected 7 gold pieces.

Inventory:

Hand Weapons
 a - a +0 falchion (weapon)
Armour
 b - a +0 leather armour (worn)
Scrolls
 c - a scroll of identify {unknown}
 d - a scroll of teleportation {unknown}


   Skills:
 - Level 2.4 Fighting
 * Level 4.2 Long Blades
 - Level 2.2 Dodging
 - Level 2.2 Spellcasting
 + Level 3.5 Conjurations


You had 4 spell levels left.
You knew the following spells:

 Your Spells              Type           Power      Damage    Failure   Level
a - Kiss of Death         Conj/Necr      24%        2d7       16%         1

Your spell library contained the following spells:

 Spells                   Type           Power      Damage    Failure   Level
 Momentum Strike          Conj/Tloc      12%        3d8       24%         2
 Hailstorm                Conj/Ice       6%         3d4       43%         3
 Inner Flame              Hex/Fire       1%         N/A       67%         3
 Yara's Violent Unravell  Hex/Tmut       0%         3d3       100%        5
 Enfeeble                 Hex            0%         N/A       100%        7


Dungeon Overview and Level Annotations

Branches:
Dungeon (1/15)

Altars:


Innate Abilities, Weirdness & Mutations

You are amphibious.
You cover ground slowly.
You can hop short distances.
You have an extended range of vision and can be seen from far away.


Message History

Press: ? - help, Shift-Dir - straight line, f - jackal
Aim: a jackal (100% to hit)
The negative energy hits the jackal!
The jackal is drained!
You kill the jackal!
You feel drained.
You start resting.
Your magical contamination has completely faded away.
You start resting.
A kobold comes into view. It is wielding a +0 short sword.
A kobold is nearby!
A kobold is nearby!
The kobold shouts!
The kobold throws a stone.
The stone misses you.
The kobold throws a stone.
The stone hits you. The kobold closely misses you.
The kobold barely misses you.
You hit the kobold but do no damage. The kobold closely misses you.
Casting: Kiss of Death (safe; 16% risk of failure)
Confirm with . or Enter, or press ? or * to list all spells.
Aiming: Kiss of Death (safe; 16% risk of failure)
Press: ? - help, Shift-Dir - straight line, f - kobold
Aim: a kobold, wielding a +0 short sword and quivering stones (100% to hit)
The negative energy hits the kobold.
The kobold is drained!
You kill the kobold!
You feel drained.
You start resting.
An endoplasm comes into view.
Hop to where?
Press: ? - help, Dir - move target Boing!
Things that are here:
a +0 short sword; 5 stones
Found an escape hatch in the floor.
Things that are here:
a +0 dagger; a goblin corpse You hit the endoplasm but do no damage.
You punch the endoplasm.
The endoplasm is lightly wounded.
The endoplasm freezes you.
You are frozen.
Ouch! That really hurt!
You die...

#.# .. #.# .# #.#
.##..
#.###########....#
#.##.........#.##.
#.##)######..##.#.
#.##.# ###....#
########.##.#
##..##.#
...>....@##.##
#.#.##..
.........J)†.#
###....#
############.#
#..#.##. ..#
#..##.#. ..# ###
##. ... #. (..# #.
...# #. ..## #.


You could see an endoplasm.

Vanquished Creatures
  3 jackals (D:1)
  A quokka (D:1)
  A ball python (D:1)
  A frilled lizard (D:1)
  3 goblins (D:1)
  A kobold (D:1)
  A rat (D:1)
11 creatures vanquished.

Vanquished Creatures (others)
  3 fungi (D:1)
  A plant (D:1)
4 creatures vanquished.

Grand Total: 15 creatures vanquished

Notes
Turn   | Place    | Note
-------+----------+-------------------------------------------
     0 | D:1      | lp1845 the Barachi Reaver began the quest for the Orb.
     0 | D:1      | Reached XP level 1. HP: 17/17 MP: 3/3
   187 | D:1      | Reached skill level 4 in Long Blades
   187 | D:1      | Reached XP level 2. HP: 17/17 MP: 5/5
   251 | D:1      | Frozen to death by an endoplasm

Illustrated notes

Levels and vault maps discovered:
D:1:      psy_arrival_whirlpool, layout_loops_ring,
          shapermc_ecumenical_altar_mp_urbaneastern, nicolae_eternal_life,
          minmay_nonomino_d4

Skill      XL: |  1 |
---------------+----+-----
Long Blades    | 4 |  4.2
Fighting       | |  2.4
Dodging        | |  2.2
Spellcasting   | |  2.2
Conjurations   | |  3.5

Action                     || total
---------------------------++-------
  Melee: Falchion          ||    25
         Punch             ||     1
   Cast: Kiss of Death     ||     6
Ability: Hop               ||     1
 Armour: Leather armour    ||     3
  Dodge: Dodged            ||    26
